[Event "Titled Tuesday Blitz August 16 Late 2022"]
[White "Thiel, Thomas"]
[Black "Kovacevic, Radmila"]
[WhiteFideId "4615964"]
[BlackFideId "933171"]
[WhiteElo "2230"]
[BlackElo "2157"]
[Result "0-1"]
[Round "10"]
[TimeControl "180+1"]
[Date "2022.08.18"]
[WhiteClock "0:00:00"]
[BlackClock "0:00:00"]

1. e4 e5 2. Nf3 d5 3. d4 dxe4 4. Nxe5 Bd6 5. Qh5 g6 6. Qe2 Nf6 7. Bg5 Bf5 8. Nd2 O-O 9. O-O-O Nc6 10. Ndc4 Re8 11. g4 Be6 12. Nxc6 bxc6 13. Nxd6 cxd6 14. h3 Bxa2 15. b3 Rb8 16. Qa6 Bxb3 17. cxb3 Rxb3 18. Bc4 Rb6 19. Qa2 d5 20. Bb3 Qb8 21. Kc2 Nd7 22. Rb1 Kg7 23. Be3 Qc7 24. Ba4 Reb8 25. Rxb6 axb6 26. h4 Ra8 27. h5 b5 28. hxg6 fxg6 29. Bh6+ Kg8 30. Qb2 Rxa4 31. Qc3 Rc4 0-1


[Site "https://www.chess.com"]

[Event "Titled Tuesday Blitz August 16 Late 2022"]
[White "Urh, Zala"]
[Black "Stanojoski, Zvonko"]
[WhiteFideId "14611481"]
[BlackFideId "15000257"]
[WhiteElo "2097"]
[BlackElo "2364"]
[Result "0-1"]
[Round "10"]
[TimeControl "180+1"]
[Date "2022.08.18"]
[WhiteClock "0:00:00"]
[BlackClock "0:00:00"]

1. e4 c5 2. Nf3 Nc6 3. d4 cxd4 4. Nxd4 g6 5. Nc3 Bg7 6. Be3 Nf6 7. Bc4 O-O 8. Bb3 d6 9. h3 Bd7 10. O-O Nxd4 11. Bxd4 Bc6 12. Re1 e5 13. Be3 Nxe4 14. Nxe4 Bxe4 15. Bd5 Bxd5 16. Qxd5 Qc7 17. c3 Rfd8 18. Rad1 a6 19. a4 Qc6 20. a5 Qxd5 21. Rxd5 f6 22. Bb6 Rd7 23. Red1 Bf8 24. Kf1 Kf7 25. Ke2 Ke6 26. Ke3 Rc8 27. R1d3 Rc4 28. b3 Rc6 29. c4 Rf7 30. Ke2 f5 31. h4 h5 32. Rg3 Rg7 33. Rgd3 Be7 34. g3 Rg8 35. Rd1 Bd8 36. Be3 Be7 37. Bb6 g5 38. hxg5 Bxg5 39. Rh1 Rh8 40. Kf3 h4 41. gxh4 Rxh4 42. Rg1 Rh5 43. Ke2 Be7 44. Rg8 Rh3 45. Rd3 Rxd3 46. Kxd3 d5 47. Rb8 dxc4+ 48. bxc4 e4+ 49. Ke3 Bc5+ 50. Bxc5 Rxc5 51. Rxb7 Rxc4 52. Rb6+ Ke5 53. Rxa6 Rc3+ 54. Ke2 Rc2+ 55. Ke1 Kf4 56. Rf6 Ra2 57. a6 Kg5 58. Rb6 f4 59. Rb4 Kf5 60. Rb5+ Kg4 61. Rb4 Kf3 62. Rb3+ e3 63. fxe3 fxe3 64. Rb1 Rxa6 65. Rc1 Rh6 66. Kd1 Rh1+ 67. Kc2 Rxc1+ 68. Kxc1 e2 69. Kd2 Kf2 70. Kd3 e1=Q 0-1


[Site "https://www.chess.com"]

[Event "Titled Tuesday Blitz August 16 Late 2022"]
[White "Vasquez Schroeder, Rodrigo"]
[Black "Hansen, Eric"]
[WhiteFideId "3400042"]
[BlackFideId "2606771"]
[WhiteElo "2567"]
[BlackElo "2568"]
[Result "0-1"]
[Round "10"]
[TimeControl "180+1"]
[Date "2022.08.16"]
[WhiteClock "0:00:16"]
[BlackClock "0:00:09"]

1. e4 e5 2. Nf3 Nc6 3. Bb5 a6 4. Ba4 Nf6 5. O-O Be7 6. Re1 b5 7. Bb3 d6 8. c3 O-O 9. h3 Na5 10. Bc2 c5 11. d4 Nd7 12. Kh1 exd4 13. cxd4 Nc6 14. Nc3 Re8 15. Be3 Bb7 16. Nd5 Bf8 17. Bg5 Qb8 18. Be3 g6 19. dxc5 dxc5 20. Bf4 Nce5 21. Nxe5 Rxe5 22. Qd2 Bd6 23. Bxe5 Nxe5 24. b3 Nc6 25. Rad1 Nd4 26. Qc3 Bxd5 27. exd5 b4 28. Qc4 Qd8 29. Re4 Qf6 30. Kg1 Nb5 31. Rde1 Kg7 32. R4e3 Ra7 33. Rf3 Qb2 34. Rfe3 Na3 35. Qh4 Nxc2 36. R3e2 Qd4 37. Qd8 Bc7 38. Qc8 Nxe1 39. Rxe1 Be5 40. Qe8 Bf6 41. Qb8 Re7 42. Rxe7 Bxe7 43. Qb7 Qd1+ 44. Kh2 Bd6+ 45. g3 Qd2 46. Kg2 Be5 47. Qe7 Qxd5+ 48. Kg1 Bd4 0-1


[Site "https://www.chess.com"]

[Event "Titled Tuesday Blitz August 16 Late 2022"]
[White "Voege, Tobias"]
[Black "Wu, Rochelle"]
[WhiteFideId "1270513"]
[BlackFideId "30908132"]
[WhiteElo "2360"]
[BlackElo "2168"]
[Result "1-0"]
[Round "10"]
[TimeControl "180+1"]
[Date "2022.08.16"]
[WhiteClock "0:00:05"]
[BlackClock "0:00:09"]

1. e4 c5 2. Nf3 d6 3. Nc3 Nf6 4. d3 Nc6 5. g3 g6 6. Bg2 Bg7 7. O-O O-O 8. Nd2 Rb8 9. a4 a6 10. f4 Bd7 11. h3 b5 12. axb5 axb5 13. g4 Nd4 14. Ne2 Nxe2+ 15. Qxe2 Bc6 16. f5 Nd7 17. Nf3 Qc7 18. h4 d5 19. fxg6 fxg6 20. exd5 Bxd5 21. Ng5 Rxf1+ 22. Qxf1 Bd4+ 23. Kh1 Qb7 24. Bxd5+ Qxd5+ 25. Qf3 Qxf3+ 26. Nxf3 Rf8 27. Kg2 Nf6 28. c3 Nxg4 29. cxd4 cxd4 30. Bg5 Rc8 31. Kg3 Nf6 32. Rc1 Ra8 33. Bxf6 exf6 34. Nxd4 Rd8 35. Nxb5 Rxd3+ 36. Kf4 Rb3 37. Nd6 Rxb2 38. Ne4 f5 39. Rc8+ Kg7 40. Rc7+ Kf8 41. Nf6 Rb4+ 42. Kg5 h6+ 43. Kxg6 1-0


[Site "https://www.chess.com"]

[Event "Titled Tuesday Blitz August 16 Late 2022"]
[White "Wieczorek, Oskar"]
[Black "Yurovskykh, Oleksandr"]
[WhiteFideId "1133950"]
[BlackFideId "14134020"]
[WhiteElo "2302"]
[BlackElo "2292"]
[Result "1-0"]
[Round "10"]
[TimeControl "180+1"]
[Date "2022.08.16"]
[WhiteClock "0:00:28"]
[BlackClock "0:00:04"]

1. e4 d5 2. exd5 Qxd5 3. Nc3 Qd8 4. d4 Nf6 5. Bc4 a6 6. Nf3 b5 7. Bb3 c5 8. dxc5 Qxd1+ 9. Nxd1 e6 10. Be3 Nfd7 11. a4 b4 12. a5 Bxc5 13. O-O Bb7 14. Nd4 Nc6 15. c3 Nxd4 16. Bxd4 Bxd4 17. cxd4 Nf6 18. Ra4 Ke7 19. Rxb4 Rhb8 20. Bc4 Bc6 21. Rxb8 Rxb8 22. Bxa6 Bb5 23. Bxb5 Rxb5 24. Nc3 Rxa5 25. Rd1 Nd5 26. Kf1 Nb4 27. Ke2 h5 28. h4 Ra7 29. d5 e5 30. d6+ Kd7 31. Ne4 Ra5 32. Rc1 Nc6 33. Nc5+ Ke8 34. b4 Ra2+ 35. Ke3 Nxb4 36. Rb1 Nc2+ 37. Ke4 f5+ 38. Kd5 1-0


[Site "https://www.chess.com"]

[Event "Titled Tuesday Blitz August 16 Late 2022"]
[White "Winterberg, Lukas"]
[Black "Shapiro, Daniel"]
[WhiteFideId "24622702"]
[BlackFideId "2001780"]
[WhiteElo "2349"]
[BlackElo "2284"]
[Result "1-0"]
[Round "10"]
[TimeControl "180+1"]
[Date "2022.08.18"]
[WhiteClock "0:00:00"]
[BlackClock "0:00:00"]

1. f4 Nf6 2. Nf3 g6 3. g3 Bg7 4. Bg2 c5 5. O-O d6 6. d3 Nc6 7. Nc3 O-O 8. e4 Bd7 9. Be3 Ng4 10. Bd2 f5 11. Qe2 Rb8 12. exf5 gxf5 13. Ng5 Nd4 14. Qd1 e6 15. Ne2 Nxe2+ 16. Qxe2 Bxb2 17. Nxe6 Re8 18. Bd5 Qf6 19. Rae1 Kh8 20. h3 Nh6 21. c3 Re7 22. Rf3 Rbe8 23. Re3 Bxc3 24. Bxc3 Qxc3 25. Qh5 Bxe6 26. Bxe6 Qf6 27. Kf2 Rxe6 28. Qxe8+ Rxe8 29. Rxe8+ Kg7 30. R1e7+ Nf7 31. Rxb7 Qd4+ 32. Ke2 Kg6 33. Rg8+ Kf6 34. Rf8 Qd5 35. Rfxf7+ Qxf7 36. Rxf7+ Kxf7 37. d4 Ke6 38. dxc5 dxc5 39. Kd3 1-0


[Site "https://www.chess.com"]

[Event "Titled Tuesday Blitz August 16 Late 2022"]
[White "Yaksin, Oleg"]
[Black "Harvey, Marcus R"]
[WhiteFideId "24105880"]
[BlackFideId "400092"]
[WhiteElo "2256"]
[BlackElo "2485"]
[Result "0-1"]
[Round "10"]
[TimeControl "180+1"]
[Date "2022.08.16"]
[WhiteClock "0:00:01"]
[BlackClock "0:00:05"]

1. d4 f5 2. Nc3 c6 3. Bg5 Nf6 4. Bxf6 exf6 5. e3 d5 6. Bd3 Bd6 7. Qf3 g6 8. h4 h5 9. Nge2 Nd7 10. Nf4 Nf8 11. O-O-O Qc7 12. Nce2 Be6 13. Kb1 Bf7 14. Nh3 O-O-O 15. Rc1 b5 16. g3 Nd7 17. Nhf4 Nb6 18. c3 a5 19. Rc2 a4 20. b3 axb3 21. axb3 Kb7 22. Kc1 Ra8 23. Kd2 Ra3 24. Rb1 Rha8 25. Nc1 Qe7 26. Be2 Bc7 27. Nfd3 Nd7 28. Rbb2 Bd6 29. Qh1 Ra1 30. Ra2 R1xa2 31. Rxa2 Qf8 32. Bf3 Rxa2+ 33. Nxa2 Qa8 34. Qb1 g5 35. hxg5 fxg5 36. Nab4 h4 37. gxh4 gxh4 38. Qh1 Qh8 39. Qh3 Be6 40. Nc2 Qh6 41. Qh1 h3 42. c4 Nf6 43. cxb5 cxb5 44. Nc5+ Bxc5 45. dxc5 Ne4+ 46. Bxe4 dxe4 47. Nd4 Bd7 48. f3 Bc6 49. fxe4 Bxe4 50. Qh2 Qh7 51. Qd6 h2 52. Qb6+ Kc8 53. Qe6+ Kd8 54. Qf6+ Ke8 55. Qe5+ Kf7 56. Ne6 h1=Q 57. Ng5+ Kg6 58. Nxh7 Qg2+ 59. Kc3 Qc2+ 60. Kb4 Qd2+ 61. Kxb5 Qd7+ 62. Kb4 Kxh7 63. Qh2+ Kg6 64. Qg3+ Kh5 65. Qb8 Qd2+ 66. Kb5 Qd3+ 67. Kb4 Qd2+ 68. Kb5 Qxe3 69. Qh2+ Kg4 70. c6 Qxb3+ 71. Ka6 Qc4+ 0-1


[Site "https://www.chess.com"]

[Event "Titled Tuesday Blitz August 16 Late 2022"]
[White "Zivkovic, Nemanja"]
[Black "Postnikov, Daniil"]
[WhiteFideId "942154"]
[BlackFideId "4166329"]
[WhiteElo "2372"]
[BlackElo "2261"]
[Result "1/2-1/2"]
[Round "10"]
[TimeControl "180+1"]
[Date "2022.08.16"]
[WhiteClock "0:00:13"]
[BlackClock "0:00:05"]

1. b3 e5 2. Bb2 Nc6 3. e3 a6 4. Nf3 d6 5. d4 e4 6. Nfd2 f5 7. c4 Nf6 8. Nc3 Be7 9. a3 O-O 10. b4 Nb8 11. d5 Nbd7 12. Nb3 Ne5 13. Nd4 c5 14. bxc5 dxc5 15. Nb3 Bd6 16. Be2 Nfg4 17. g3 Bd7 18. h3 Nf6 19. a4 Qe7 20. a5 Kh8 21. Qc2 Rac8 22. Kf1 g5 23. h4 f4 24. hxg5 fxg3 25. gxf6 Rxf6 26. Nxe4 Rcf8 27. f4 Rxf4+ 28. exf4 Rxf4+ 29. Ke1 g2 30. Rg1 Bf5 31. Nbd2 Qh4+ 32. Kd1 Bxe4 33. Nxe4 Rxe4 34. Ra3 Qf2 35. Qxe4 Qxg1+ 36. Kc2 Qh2 37. Rh3 Qxh3 38. Bxe5+ Bxe5 39. Qxe5+ Kg8 40. Qe8+ Kg7 41. Qe7+ Kg8 42. Qxc5 Qg3 43. Qc8+ Kg7 44. Qd7+ Kg8 45. Qe8+ Kg7 46. Qe7+ Kg8 47. Qe6+ Kg7 48. Qe7+ Kg8 49. Qe8+ Kg7 50. Qe7+ 1/2-1/2


[Site "https://www.chess.com"]

[Event "Titled Tuesday Blitz August 16 Late 2022"]
[White "Aldokhin, Ivan"]
[Black "Voege, Tobias"]
[WhiteFideId "24115720"]
[BlackFideId "1270513"]
[WhiteElo "2246"]
[BlackElo "2360"]
[Result "1-0"]
[Round "11"]
[TimeControl "180+1"]
[Date "2022.08.16"]
[WhiteClock "0:00:02"]
[BlackClock "0:00:02"]

1. e4 e6 2. d3 c5 3. Nd2 Nc6 4. Ngf3 g6 5. g3 Bg7 6. Bg2 d6 7. O-O Nge7 8. Ne1 O-O 9. f4 f5 10. Nef3 Rb8 11. a4 a6 12. Kh1 b5 13. axb5 axb5 14. Re1 Nd4 15. Nxd4 Bxd4 16. Nf3 Bg7 17. exf5 Nxf5 18. Ng5 Qf6 19. Ra7 h6 20. Ne4 Qd8 21. Qg4 Kh7 22. Qh3 Kg8 23. Bd2 d5 24. Nxc5 Qb6 25. Rxg7+ Kxg7 26. b4 h5 27. Bc3+ d4 28. Bb2 Qd6 29. Be4 Bd7 30. Qg2 Rbc8 31. Nb7 Qxb4 32. c3 dxc3 33. Ba1 Kh7 34. h3 c2 35. Rc1 Qa3 36. Qd2 Nxg3+ 37. Kh2 Nxe4 38. dxe4 Bc6 39. Nd6 Rcd8 40. Qd4 Rd7 41. Rxc2 Qf3 42. Rf2 Qb3 43. Qe5 Re7 44. f5 Qe3 45. fxg6+ Kh6 46. Rxf8 Qe2+ 47. Kg1 1-0


[Site "https://www.chess.com"]

[Event "Titled Tuesday Blitz August 16 Late 2022"]
[White "Amburgy, Ryan"]
[Black "Janaszak, Dawid"]
[WhiteFideId "30924820"]
[BlackFideId "1119206"]
[WhiteElo "2066"]
[BlackElo "2165"]
[Result "1/2-1/2"]
[Round "11"]
[TimeControl "180+1"]
[Date "2022.08.16"]
[WhiteClock "0:00:10"]
[BlackClock "0:00:04"]

1. d4 Nf6 2. Nc3 d6 3. e4 g6 4. Nf3 Bg7 5. Be2 O-O 6. O-O Bg4 7. Be3 Nc6 8. Re1 Bxf3 9. Bxf3 e5 10. dxe5 Nxe5 11. Be2 Re8 12. f3 c6 13. Bf2 b5 14. a3 Nh5 15. Qd2 Qc7 16. Rad1 Rad8 17. Be3 Nf6 18. Bf1 a5 19. Qf2 Rb8 20. h3 b4 21. axb4 axb4 22. Nb1 d5 23. Nd2 dxe4 24. Nxe4 Nxe4 25. fxe4 Qa5 26. Bf4 Rbd8 27. Kh1 Qa2 28. Qb6 Rb8 29. Qc5 Qxb2 30. Bc4 Qc3 31. Bxe5 Rxe5 32. Qxc6 Rbe8 33. Rf1 Rf8 34. Rd7 h5 35. Rfxf7 Rxf7 36. Rxf7 Kh7 37. Rf3 Qa1+ 38. Rf1 Qd4 39. Bf7 Rg5 40. Be8 Qd2 41. e5 Qc3 42. Qxc3 bxc3 43. e6 Re5 44. Bd7 Kg8 45. Kh2 Re2 46. Rf3 Be5+ 47. Kg1 Bd4+ 48. Kf1 Re5 49. Rd3 Bc5 50. Rxc3 Kg7 51. g4 Be7 52. gxh5 gxh5 53. Rc7 Kf6 54. Bc8 Re3 55. Kg2 h4 56. c4 Rg3+ 57. Kf2 Rxh3 58. c5 Rc3 59. c6 Bc5+ 60. Ke2 h3 61. Rh7 h2 62. e7 Bxe7 63. Bd7 Rc2+ 64. Kd3 Rf2 65. Rh6+ Kg7 66. Rh3 Bd6 67. Rh4 Rf1 68. Rg4+ Kf6 69. c7 Bxc7 70. Bc6 h1=Q 71. Bxh1 Rxh1 72. Rc4 Be5 73. Re4 Kf5 74. Re2 Ra1 75. Kc4 Kf4 76. Kd5 Rd1+ 77. Ke6 Rd6+ 78. Ke7 Rh6 79. Rf2+ Ke4 80. Kd7 Kd5 81. Rf7 Rd6+ 82. Ke7 Ra6 83. Rf1 Ra7+ 84. Kf8 Ke6 85. Kg8 Rg7+ 86. Kf8 Rh7 87. Ke8 Rb7 88. Rd1 Rh7 89. Rf1 Re7+ 90. Kd8 Rh7 91. Kc8 Rc7+ 92. Kd8 Rb7 93. Rc1 Rh7 94. Kc8 Rc7+ 95. Rxc7 Bxc7 1/2-1/2


[Site "https://www.chess.com"]

[Event "Titled Tuesday Blitz August 16 Late 2022"]
[White "Andreikin, Dmitry"]
[Black "Hansen, Eric"]
[WhiteFideId "4158814"]
[BlackFideId "2606771"]
[WhiteElo "2736"]
[BlackElo "2568"]
[Result "1-0"]
[Round "11"]
[TimeControl "180+1"]
[Date "2022.08.16"]
[WhiteClock "0:00:58"]
[BlackClock "0:00:11"]

1. d4 Nf6 2. c4 g6 3. Nc3 d5 4. cxd5 Nxd5 5. e4 Nxc3 6. bxc3 Bg7 7. Be3 c5 8. Qd2 Qa5 9. Nf3 O-O 10. Rb1 cxd4 11. cxd4 Qxd2+ 12. Kxd2 e6 13. Bc4 Nc6 14. Rhd1 Rd8 15. Ke1 b6 16. d5 exd5 17. Bxd5 Bd7 18. Ng5 Be8 19. Rbc1 Rac8 20. Bxf7+ Bxf7 21. Rxd8+ Rxd8 22. Nxf7 Kxf7 23. Rxc6 Rd7 24. f4 Bf8 25. Ke2 Re7 26. e5 Ke8 27. Rc8+ Kf7 28. Kf3 Bg7 29. Ke4 Rb7 30. g4 Re7 31. Bd4 Bh6 32. f5 gxf5+ 33. gxf5 1-0


[Site "https://www.chess.com"]

[Event "Titled Tuesday Blitz August 16 Late 2022"]
[White "Arnold, Ken"]
[Black "Begmuratov, Khumoyun"]
[WhiteFideId "2056836"]
[BlackFideId "14210207"]
[WhiteElo "2426"]
[BlackElo "1978"]
[Result "0-1"]
[Round "11"]
[TimeControl "180+1"]
[Date "2022.08.16"]
[WhiteClock "0:00:51"]
[BlackClock "0:01:26"]

1. d4 f5 2. c4 Nf6 3. Nc3 e6 4. Bg5 Be7 5. Bxf6 Bxf6 6. e4 O-O 7. Nf3 d6 8. Be2 c5 9. e5 cxd4 10. exf6 dxc3 11. fxg7 Kxg7 12. Qd4+ Qf6 13. Qxd6 cxb2 14. Rb1 Nc6 15. O-O e5 16. Qxf6+ Kxf6 17. Rxb2 e4 18. Nd2 Nd4 19. Bd1 b6 20. Nb3 Ne6 21. f3 e3 22. Re1 f4 23. g3 Rg8 24. Kh1 fxg3 25. Rxe3 Bb7 26. hxg3 Rxg3 27. Rg2 Rxg2 28. Kxg2 h5 29. Kg3 Rg8+ 30. Kh4 Nf4 31. Rc3 Rg1 32. Bc2 Bxf3 33. Rxf3 Rg4# 0-1


[Site "https://www.chess.com"]

[Event "Titled Tuesday Blitz August 16 Late 2022"]
[White "Barria Zuniga, Daniel"]
[Black "Deviprasath, Sharvesh"]
[WhiteFideId "3400816"]
[BlackFideId "30938228"]
[WhiteElo "2414"]
[BlackElo "2102"]
[Result "0-1"]
[Round "11"]
[TimeControl "180+1"]
[Date "2022.08.18"]
[WhiteClock "0:00:00"]
[BlackClock "0:00:00"]

1. d4 Nf6 2. c4 g6 3. Nc3 Bg7 4. e4 d6 5. Be2 O-O 6. Nf3 e5 7. d5 h6 8. O-O a5 9. Ne1 Na6 10. Nd3 Nd7 11. Be3 f5 12. f3 f4 13. Bf2 g5 14. g4 Nf6 15. h3 h5 16. Kg2 Kf7 17. Rh1 Rh8 18. a3 Bd7 19. b4 axb4 20. axb4 b6 21. Qb3 Rh7 22. Nb2 Qh8 23. c5 Nxc5 24. bxc5 Rxa1 25. Rxa1 hxg4 26. hxg4 Rh2+ 27. Kf1 Rh1+ 28. Bg1 Qh2 29. Ke1 Qxg1+ 30. Kd2 Qe3+ 31. Kc2 Rxa1 32. Nc4 Qc1+ 33. Kd3 dxc5 34. Nxe5+ Kf8 35. d6 Qe3+ 36. Kc4 Qd4# 0-1


[Site "https://www.chess.com"]

[Event "Titled Tuesday Blitz August 16 Late 2022"]
[White "Bilych, Olexiy"]
[Black "Oparin, Grigoriy"]
[WhiteFideId "14156504"]
[BlackFideId "24125890"]
[WhiteElo "2157"]
[BlackElo "2639"]
[Result "0-1"]
[Round "11"]
[TimeControl "180+1"]
[Date "2022.08.16"]
[WhiteClock "0:00:01"]
[BlackClock "0:00:09"]

1. e4 e6 2. d4 d5 3. e5 c5 4. c3 Nc6 5. Nf3 Bd7 6. Bd3 Qb6 7. O-O cxd4 8. Nbd2 dxc3 9. bxc3 Nge7 10. c4 Qc7 11. Re1 d4 12. Ne4 Ng6 13. Nd6+ Bxd6 14. exd6 Qxd6 15. Rb1 O-O 16. Rxb7 Rab8 17. c5 Qe7 18. Rxb8 Rxb8 19. Nxd4 Qxc5 20. Nb3 Qe7 21. Be3 Rd8 22. Qh5 Bc8 23. Bf1 Bb7 24. Qc5 Qxc5 25. Nxc5 Ba8 26. Rb1 h6 27. h3 Nge7 28. f3 Nd5 29. Bf2 Nc3 30. Rb2 Nd1 31. Rc2 Nxf2 32. Kxf2 Kf8 33. Nb3 Ke7 34. Bb5 Kd6 35. Ke3 Rb8 36. Be2 Nb4 37. Rd2+ Nd5+ 38. Kf2 Bc6 39. Nd4 Bd7 40. Bc4 Rb4 41. Bb3 a5 42. Nc2 Rb5 43. Ne3 Bc6 44. Nc4+ Ke7 45. Ba4 Rc5 46. Bxc6 Rxc4 47. Bxd5 exd5 48. Rxd5 Rc2+ 49. Ke3 Rxa2 50. g4 a4 51. h4 a3 52. Ra5 Kd6 53. h5 Kc6 54. Kf4 Kb6 55. Ra8 Ra1 56. g5 hxg5+ 57. Kxg5 Kb5 58. f4 Kb4 59. h6 gxh6+ 60. Kxh6 Rg1 61. f5 Rg2 62. Rb8+ Kc5 63. Rc8+ Kd6 0-1


[Site "https://www.chess.com"]

[Event "Titled Tuesday Blitz August 16 Late 2022"]
[White "Blanco Ronquillo, Humberto L."]
[Black "Kashtanov, Ruslan"]
[WhiteFideId "3504239"]
[BlackFideId "4124871"]
[WhiteElo "2425"]
[BlackElo "2168"]
[Result "1-0"]
[Round "11"]
[TimeControl "180+1"]
[Date "2022.08.16"]
[WhiteClock "0:00:34"]
[BlackClock "0:00:01"]

1. e4 c5 2. Nf3 e6 3. g3 Nc6 4. Bg2 Nf6 5. Nc3 d5 6. exd5 exd5 7. d4 cxd4 8. Nxd4 Bg4 9. f3 Bd7 10. O-O Bc5 11. Re1+ Kf8 12. Be3 Nxd4 13. Bxd4 Qb6 14. Ne2 h5 15. Bxc5+ Qxc5+ 16. Qd4 Rc8 17. Qxc5+ Rxc5 18. Nd4 h4 19. Rad1 g6 20. c3 Kg7 21. Rd2 hxg3 22. hxg3 Re8 23. Rxe8 Bxe8 24. Kf2 Rc7 25. Nc2 Bc6 26. Ne3 Re7 27. g4 Re5 28. Rd4 g5 29. Bf1 Kf8 30. a4 Ke7 31. Bb5 Kd6 32. Nf5+ Kc7 33. Bd3 Nd7 34. b4 a6 35. Bc2 f6 36. Bb3 Nb6 37. a5 Nd7 38. Ne3 Kd6 39. Nc4+ Ke6 40. Nxe5 fxe5 41. Rd1 Nf6 42. Rh1 e4 43. Rh6 Ke5 44. Rg6 exf3 45. Rxg5+ Ke6 46. Kxf3 Ne4 47. Rh5 Nd2+ 48. Kf4 Nxb3 49. Rh6+ Kf7 50. g5 d4 51. cxd4 1-0


[Site "https://www.chess.com"]

[Event "Titled Tuesday Blitz August 16 Late 2022"]
[White "Bochnicka, Vladimir"]
[Black "Novikova, Galina"]
[WhiteFideId "14943450"]
[BlackFideId "4157095"]
[WhiteElo "1939"]
[BlackElo "1923"]
[Result "0-1"]
[Round "11"]
[TimeControl "180+1"]
[Date "2022.08.18"]
[WhiteClock "0:00:00"]
[BlackClock "0:00:00"]

1. e4 e6 2. d4 d5 3. Nd2 Nc6 4. c3 e5 5. Bb5 exd4 6. cxd4 a6 7. Bxc6+ bxc6 8. Ngf3 Nf6 9. e5 Nd7 10. O-O Be7 11. a3 O-O 12. b4 a5 13. Qb3 axb4 14. axb4 Rxa1 0-1


[Site "https://www.chess.com"]

[Event "Titled Tuesday Blitz August 16 Late 2022"]
[White "Bringas Gomez, Artai"]
[Black "Urh, Zala"]
[WhiteFideId "24534064"]
[BlackFideId "14611481"]
[WhiteElo "2039"]
[BlackElo "2097"]
[Result "1-0"]
[Round "11"]
[TimeControl "180+1"]
[Date "2022.08.18"]
[WhiteClock "0:00:00"]
[BlackClock "0:00:00"]

1. e4 e5 2. Ne2 Nc6 3. f4 d6 4. Nbc3 Nf6 5. d3 Be7 6. g3 Bg4 7. Bg2 Nd4 8. h3 Bxe2 9. Nxe2 Nxe2 10. Qxe2 Qd7 11. O-O O-O-O 12. Be3 Kb8 13. Qf2 b6 14. a4 exf4 15. gxf4 d5 16. e5 Nh5 17. a5 g6 18. axb6 cxb6 19. c4 d4 20. Qf3 Rc8 21. Qa8+ Kc7 22. Rxa7+ Kd8 23. Rxd7+ Kxd7 24. Qd5+ Ke8 25. Bxd4 Kf8 26. Bxb6 Kg7 27. c5 Rb8 28. b4 Rhc8 29. d4 Ng3 30. f5 gxf5 31. Rf3 Ne4 32. Rxf5 Nc3 33. Qxf7+ Kh8 34. Qxe7 Ne2+ 35. Kh2 Nxd4 36. Qf6+ Kg8 37. Bd5+ Ne6 38. Qxe6+ Kg7 39. Rf7+ Kg8 40. Qf6 h5 41. Rf8+ Kh7 42. Qh8+ Kg6 43. Be4+ Kg5 44. Rxc8 Rb7 45. Bxb7 Kf4 46. e6 h4 47. e7 Ke3 48. e8=B Kd3 49. c6 Kc2 50. c7 Kb3 51. b5 Ka4 52. Bbc6 Kb4 53. Bd4 Kc4 54. b6 Kb4 55. b7 Ka5 56. b8=B Ka6 57. Rd8 Ka5 58. Rd5+ Ka6 59. Ra5+ Kxa5 60. Qe5+ Ka6 61. Qa5+ Kxa5 62. c8=B Kb4 63. Bf6 Kc4 64. Bxh4 Kd3 65. Bd8 Ke3 66. Ba8 Ke2 67. h4 Kd2 68. h5 Ke3 69. h6 Kd3 70. h7 Kd2 71. h8=B Ke3 72. Bg7 Ke2 73. Bf8 Kd2 74. Bb4+ Ke2 75. Bb5+ Kd1 76. Bf3+ Kc1 77. Bg5+ Kb2 78. Be5+ Kb3 79. Be6+ Kxb4 80. Bbe2 Ka3 81. Bc3 Ka4 82. Bc6+ Ka3 83. Be7# 1-0


[Site "https://www.chess.com"]

[Event "Titled Tuesday Blitz August 16 Late 2022"]
[White "Capp, Stephen"]
[Black "Tarnowska, Aleksandra"]
[WhiteFideId "2027089"]
[BlackFideId "1180967"]
[WhiteElo "1920"]
[BlackElo "1700"]
[Result "1-0"]
[Round "11"]
[TimeControl "180+1"]
[Date "2022.08.18"]
[WhiteClock "0:00:00"]
[BlackClock "0:00:00"]

1. e4 c5 2. Nc3 d6 3. f4 g6 4. Nf3 Bg7 5. Bb5+ Bd7 6. Bc4 Nf6 7. d3 O-O 8. O-O a6 9. a4 Nc6 10. h3 Rb8 11. Bb3 Na5 12. Ba2 b5 13. axb5 axb5 14. Bd2 c4 15. Qe1 cxd3 16. cxd3 b4 17. Nd5 Nxd5 18. Bxd5 Bxb2 19. Rb1 Ba3 20. e5 dxe5 21. fxe5 Bf5 22. Be4 Bxe4 23. Qxe4 b3 24. Qa4 Bc5+ 25. Kh1 Ra8 26. Qe4 Qb6 27. d4 Bb4 28. Bh6 Rfd8 29. d5 e6 30. d6 Qc6 31. Qf4 Bxd6 32. Ng5 Bxe5 33. Qxf7+ Kh8 34. Qxh7# 1-0


[Site "https://www.chess.com"]

[Event "Titled Tuesday Blitz August 16 Late 2022"]
[White "Carbone, Diego"]
[Black "Bogaudinov, Rushan"]
[WhiteFideId "3002179"]
[BlackFideId "4129288"]
[WhiteElo "2199"]
[BlackElo "2040"]
[Result "1-0"]
[Round "11"]
[TimeControl "180+1"]
[Date "2022.08.18"]
[WhiteClock "0:00:00"]
[BlackClock "0:00:00"]

1. d4 g6 2. g3 Bg7 3. Bg2 d5 4. Nf3 Nf6 5. O-O O-O 6. c4 c6 7. cxd5 Nxd5 8. e4 Nf6 9. Nc3 Bg4 10. h3 Bxf3 11. Bxf3 Nbd7 12. Be3 Nb6 13. b3 Re8 14. Qe2 e5 15. dxe5 Rxe5 16. Rad1 Qe8 17. Bd4 Re7 18. e5 Nfd5 19. Nxd5 Nxd5 20. Rfe1 a5 21. Kg2 h5 22. Bxd5 cxd5 23. f4 Rc8 24. Rc1 Rec7 25. Rxc7 Rxc7 26. Qf3 Rc2+ 27. Re2 Qc6 28. g4 hxg4 29. hxg4 a4 30. Qd3 Rxe2+ 31. Qxe2 axb3 32. axb3 Qc1 33. Kg3 Qb1 34. Qe3 Qc2 35. b4 b5 36. Bc5 Qc4 37. f5 gxf5 38. gxf5 Kh7 39. e6 d4 40. Qe4 Qb3+ 41. Kg4 Qd1+ 42. Kf4 Qd2+ 43. Kg3 Qg5+ 44. Kf2 d3 45. f6+ Kh6 46. fxg7 Kxg7 47. Bd4+ f6 48. e7 d2 49. e8=Q d1=Q 50. Q4e7+ Kh6 51. Qh8+ Kg6 52. Qhg7+ Kf5 53. Qd7+ Ke4 54. Qge7+ Kd3 55. Be3+ Kc2 56. Qxd1+ Kxd1 57. Bxg5 fxg5 58. Qd6+ Kc2 59. Qc5+ Kb3 60. Qxb5 Ka3 61. Qxg5 Kxb4 62. Ke2 Kc4 63. Kd2 Kd4 64. Qf4+ Kd5 65. Kd3 Kc5 66. Qe5+ Kc6 67. Kc4 Kd7 68. Qf6 Kc7 69. Qe6 Kb7 70. Qd6 Kc8 71. Qe7 Kb8 72. Qd7 Ka8 73. Kb5 Kb8 74. Kb6 Ka8 75. Qb7# 1-0


[Site "https://www.chess.com"]

[Event "Titled Tuesday Blitz August 16 Late 2022"]
[White "Chernomordik, Pavel"]
[Black "Martic, Ivan"]
[WhiteFideId "2804530"]
[BlackFideId "929301"]
[WhiteElo "2217"]
[BlackElo "2355"]
[Result "0-1"]
[Round "11"]
[TimeControl "180+1"]
[Date "2022.08.18"]
[WhiteClock "0:00:00"]
[BlackClock "0:00:00"]

1. e4 c5 2. Nc3 a6 3. g3 b5 4. Qe2 Bb7 5. Bg2 e6 6. f4 Nc6 7. Nf3 Rc8 8. O-O Nd4 9. Qd3 c4 10. Qe3 Nxc2 11. Qe2 Nxa1 12. Qd1 Bc5+ 13. d4 cxd3+ 14. Kh1 Nc2 15. a3 Ne3 16. Bxe3 Bxe3 17. Qxd3 Ba7 18. f5 Nf6 19. e5 Ng4 20. Qd2 Ne3 21. Re1 Nxg2 22. Kxg2 exf5 23. Nd5 Bxd5 24. Qxd5 Rc2+ 25. Kh3 O-O 26. Qd3 Qc8 27. Ng5 h6 28. Nf3 g6 29. g4 fxg4+ 30. Kxg4 Qc4+ 31. Qxc4 Rxc4+ 32. Kg3 Rc2 0-1


[Site "https://www.chess.com"]

[Event "Titled Tuesday Blitz August 16 Late 2022"]
[White "Chigaev, Maksim"]
[Black "Kobo, Ori"]
[WhiteFideId "4108116"]
[BlackFideId "2812320"]
[WhiteElo "2487"]
[BlackElo "2420"]
[Result "1-0"]
[Round "11"]
[TimeControl "180+1"]
[Date "2022.08.16"]
[WhiteClock "0:01:17"]
[BlackClock "0:00:39"]

1. e4 e5 2. Nf3 Nc6 3. g3 Nf6 4. d3 Bc5 5. Bg2 O-O 6. O-O d6 7. c3 Bb6 8. a4 a5 9. Na3 h6 10. Nc4 Ba7 11. Be3 Be6 12. Bxa7 Rxa7 13. Ne3 Re8 14. d4 Bd7 15. d5 Ne7 16. Nd2 Ng6 17. b4 Qc8 18. Ndc4 axb4 19. cxb4 Bh3 20. f3 Nh7 21. a5 Bxg2 22. Kxg2 Qd7 23. h4 Qb5 24. Qd2 Ne7 25. Rfc1 Rf8 26. Na3 Qd7 27. Qc2 c6 28. Nac4 cxd5 29. Nb6 Qb5 30. Nexd5 Nxd5 31. Nxd5 f5 32. Ne7+ Kh8 33. Ng6+ 1-0


[Site "https://www.chess.com"]